 Dungeon Crawl Stone Soup version 0.19-a0-593-gf2cdb02 (webtiles) character file.

634910 mistymad the Imperceptible (level 27, -2/206 HPs)
             Began as a Vampire Enchanter on June 10, 2016.
             Was the Champion of Ashenzari.
             Slain by an Orb Guardian (37 damage)
             ... on level 5 of the Realm of Zot on June 11, 2016.
             The game lasted 06:38:24 (84894 turns).

mistymad the Imperceptible (Vampire Enchanter)     Turns: 84894, Time: 06:38:25

Health: -2/206     AC: 24    Str: 11 (13) XL:     27
Magic:  44/48      EV: 35    Int: 23 (24) God:    Ashenzari [******]
Gold:   1302       SH:  9    Dex: 23      Spells: 13 memorised, 9 levels left

rFire  + + +     SeeInvis +     J - +9 quick blade (vamp) (curse)
rCold  + + +     Gourm    .     F - +5 leather armour "Quec" {rElec rN+ Regen+} (curse)
rNeg   + + +     Faith    +     j - +1 buckler of Neirem {rPois rF+ Regen+ Str+2} (curse)
rPois  +         Spirit   .     c - +0 hat of Rysust {rN+ MR+ MP+9 Int+3} (curse)
rElec  +         Dismiss  .     f - +0 cloak of the Clam {*Confuse rF+ Dex+2} (curse)
rCorr  .         Reflect  .     e - +1 pair of gloves of the Poles {+Inv rPois rN+} (curse)
SustAt .         Harm     .     w - +1 pair of boots of the Republic {rElec rN+ Dex-4} (curse)
MR     +++++     Clarity  +     t - amulet "Raej" {Faith MR++ Dex+3} (curse)
Stlth  ++++++++++               T - ring "Uzeaz" {rF++ rN+ Str+3 Int+2} (curse)
                                V - ring of the Octopus King {rC+ AC+1 EV+1 Str+1 Int+1 Dex+1} (curse)

@: icy armour (expiring), very slightly contaminated, regenerating, studying Ice
Magic, deflect missiles, slow, almost entirely resistant to hostile
enchantments, uncannily stealthy
A: antennae 1, fangs 3, see invisible, clumsy 2, deformed body, deterioration 1,
dopey 1, frail 1, low mp 1, unbreathing, subdued magic 1, MP-powered wands
a: Bat Form, Curse Item, Scrying, Transfer Knowledge, Renounce Religion, Evoke
Invisibility
}: 3/15 runes: barnacled, silver, gossamer


You were on level 5 of the Realm of Zot.
You worshipped Ashenzari.
Ashenzari was exalted by your worship.
You were near bloodless.

You visited 10 branches of the dungeon, and saw 50 of its levels.
You visited 2 bazaars.
You visited 1 ziggurat, and saw 5 of its levels.
You also visited: Ossuary and Ice Cave.

You collected 9978 gold pieces.
You spent 8676 gold pieces at shops.

Inventory:

Hand Weapons
 J - a cursed +9 vampiric quick blade (weapon)
Missiles
 Q - 5 throwing nets (quivered)
Armour
 c - the cursed +0 hat of Rysust (worn) {rN+ MR+ MP+9 Int+3}
   (You acquired it on level 4 of the Depths)

   It affects your intelligence (+3).
   It protects you from negative energy.
   It affects your resistance to hostile enchantments.
   It affects your magic capacity (+9).
   It has a curse placed upon it.
 e - the cursed +1 pair of gloves of the Poles (worn) {+Inv rPois rN+}
   (You found it on level 5 of the Vaults)

   It protects you from poison.
   It protects you from negative energy.
   It lets you turn invisible.
   It has a curse placed upon it.
 f - the cursed +0 cloak of the Clam (worn) {*Confuse rF+ Dex+2}
   (You bought it in a shop on level 2 of the Shoals)

   It affects your dexterity (+2).
   It protects you from fire.
   It may confuse you when you take damage.
   It has a curse placed upon it.
 j - the cursed +1 buckler of Neirem (worn) {rPois rF+ Regen+ Str+2}
   (You bought it in a shop in a bazaar)

   It affects your strength (+2).
   It protects you from fire.
   It protects you from poison.
   It increases your rate of regeneration.
   It has a curse placed upon it.
 w - the cursed +1 pair of boots of the Republic (worn) {rElec rN+ Dex-4}
   (You bought it in a shop in a bazaar)

   It affects your dexterity (-4).
   It insulates you from electricity.
   It protects you from negative energy.
   It has a curse placed upon it.
 F - the cursed +5 leather armour "Quec" (worn) {rElec rN+ Regen+}
   (You found it on level 2 of the Elven Halls)

   It insulates you from electricity.
   It protects you from negative energy.
   It increases your rate of regeneration.
   It has a curse placed upon it.
Jewellery
 t - the cursed amulet "Raej" (around neck) {Faith MR++ Dex+3}
   (You took it off a deep elf death mage on level 3 of the Elven Halls)

   [amulet of faith]

   It allows you to gain divine favour quickly.
   It affects your dexterity (+3).
   It affects your resistance to hostile enchantments.
   It has a curse placed upon it.
 T - the cursed ring "Uzeaz" (right hand) {rF++ rN+ Str+3 Int+2}
   (You bought it in a shop on level 4 of the Vaults)

   [ring of positive energy]

   It affects your strength (+3).
   It affects your intelligence (+2).
   It greatly protects you from fire.
   It protects you from negative energy.
   It has a curse placed upon it.
 V - a cursed ring of the Octopus King (left hand) {rC+ AC+1 EV+1 Str+1 Int+1 Dex+1}
   (You bought it in a shop in a bazaar)

   [ring of protection from cold]

   It affects your AC (+1).
   It affects your evasion (+1).
   It affects your strength (+1).
   It affects your intelligence (+1).
   It affects your dexterity (+1).
   It protects you from cold.
   It has a curse placed upon it.
Wands
 m - a wand of digging (9/24)
 R - a wand of heal wounds (6/9)
Scrolls
 h - 11 scrolls of identify
 i - 7 scrolls of teleportation
 l - 12 scrolls of enchant armour
 o - 6 scrolls of immolation
 s - 5 scrolls of vulnerability
 z - 3 scrolls of remove curse
 D - 15 scrolls of fear
 H - a scroll of silence
 I - 5 scrolls of fog
 M - 3 scrolls of amnesia
 P - 8 scrolls of recharging
 S - 3 scrolls of blinking
 U - 3 scrolls of magic mapping
Potions
 d - 5 potions of blood
 g - 4 potions of heal wounds
 n - 4 potions of resistance
 p - 2 potions of flight
 r - 2 potions of cancellation
 u - 4 potions of agility
 A - 30 potions of curing
 B - 11 potions of brilliance
 C - 4 potions of mutation
 E - 2 potions of magic
 L - 7 potions of might
 N - 3 potions of haste
 X - a potion of cure mutation
Books
 b - a manual of Ice Magic
 k - a book of Enchantments

   Spells                             Type                      Level
   a - Cause Fear                     Hexes                        4
   b - Yara's Violent Unravelling     Hexes/Transmutation          5
   c - Silence                        Hexes/Air                    5
   d - Deflect Missiles               Charms/Air                   6
   e - Haste                          Charms                       6
   f - Discord                        Hexes                        8
Miscellaneous
 a - 3 boxes of beasts
 v - a fan of gales
 y - a lamp of fire
 G - a phial of floods
 K - a sack of spiders
 W - 2 phantom mirrors


   Skills:
 * Level 21.5 Fighting
 - Level 11.0(15.2) Short Blades
 - Level 5.1 Armour
 + Level 22.5(25.8) Dodging
 - Level 25.0(27) Stealth
 - Level 7.0(10.1) Shields
 + Level 16.7 Spellcasting
 - Level 16.2(20.1) Hexes
 - Level 14.4(18.4) Charms
 - Level 6.9(11.4) Summonings
 - Level 8.3(12.7) Translocations
 - Level 13.1(17.2) Ice Magic
 - Level 6.0(10.5) Air Magic
 + Level 14.5(18.5) Evocations


You had 9 spell levels left.
You knew the following spells:

 Your Spells              Type           Power        Failure   Level  Hunger
a - Haste                 Chrm           ######..     1%          6    ####...
b - Deflect Missiles      Chrm/Air       ######....   1%          6    ####...
c - Confuse               Hex            ######..     0%          3    None
e - Dazzling Spray        Conj/Hex       ######       1%          3    None
f - Spectral Weapon       Hex/Chrm       ######..     0%          3    None
g - Regeneration          Chrm/Necr      #####.....   1%          3    None
h - Shroud of Golubria    Chrm/Tloc      ######....   0%          2    None
i - Blink                 Tloc           N/A          0%          2    None
k - Passage of Golubria   Tloc           N/A          1%          4    None
m - Invisibility          Hex            ######..     1%          6    ####...
n - Silence               Hex/Air        ######....   1%          5    #......
o - Ozocubu's Armour      Chrm/Ice       ######..     0%          3    None
p - Summon Lightning Spi  Summ/Air       ######..     1%          4    None


Dungeon Overview and Level Annotations

Branches:
Dungeon (15/15)            Temple (1/1) D:7            Lair (6/6) D:9
 Shoals (4/4) Lair:2       Spider (4/4) Lair:2        Slime (0/5) Lair:6
    Orc (2/2) D:11            Elf (3/3) Orc:2        Vaults (5/5) D:13
  Crypt (0/3) Vaults:2     Depths (5/5) D:15            Zot (5/5) Depths:5

Altars:
Ashenzari
Cheibriados
Dithmenos
Elyvilon
Fedhas
Gozag
Hepliaklqana
Kikubaaqudgha
Makhleb
Nemelex Xobeh
Okawaru
Pakellas
Qazlal
Ru
Sif Muna
Trog
Uskayaw
Vehumet
Xom
Yredelemnul
Zin
The Shining One
Beogh
Jiyva

Shops:
D:7 :   D:12 :   D:14 [   Orc:2 ?(([}   Shoals:2 [   Shoals:3 (   Vaults:1 =
Vaults:4 (*=   Vaults:5 %

Portals:
Hell: Depths:1 Depths:2 Depths:3 Depths:4 Depths:5
Abyss: Depths:4 Depths:5
Pandemonium: Depths:3 Depths:4
Trove: D:12 (give 7 potions of agility)


Innate Abilities, Weirdness & Mutations

You heal slowly.
You have razor-sharp teeth.
You have supernaturally acute eyesight. (SInv)
You can survive without breathing.
You have a pair of small antennae on your head.
You are very clumsy. (Dex -4)
Armour fits poorly on your strangely shaped body.
Your body sometimes deteriorates upon taking damage.
You are dopey. (Int -2)
You are frail. (-10% HP)
Your magical capacity is low. (-10% MP)
Your spells are a little easier to cast, but a little less powerful.
You expend magic power (3 MP) to strengthen your wands.


Message History

* * * LOW HITPOINT WARNING * * *
You take 36 damage, and have 56/206 hp.
You hit the Orb Guardian but do no damage.
Your bite misses the Orb Guardian.
The Orb Guardian is severely wounded.
Your icy armour starts to melt.
You hit the Orb Guardian.
The Orb Guardian is severely wounded.
You hit the Orb Guardian.
The Orb Guardian is severely wounded.
The Orb Guardian hits you!!
* * * LOW HITPOINT WARNING * * *
Your body deteriorates!
You feel weakened.
You take 28 damage, and have 29/206 hp.
You puncture the Orb Guardian!
The Orb Guardian is almost dead.
You hit the Orb Guardian.
You feel better.
The Orb Guardian is almost dead.
The Orb Guardian hits you!!!
You die...

.......^...## #.................
...........# #..^..^...........
...........## #....^............
.......).}..# #^^...............
............## #.....^.^.........
.............###...............^.
###########...###.......)........
* ##...)##..........^....
###.)@XX...)..........
#▓▓▓▓▓▓▓▓▓▓▓##.....▓
▓▓▓▓..(........^...
*#▓................^.
**................^... *********
*,....................
**,,,,,,,***,......^.............
*,,,,,,,,,**,....................
,,,,,,,,,,,*,....................


You could see 2 Orb Guardians.

Vanquished Creatures
  6 orbs of fire (Zot:5)
  5 ancient liches (Zot:5)
  A juggernaut (Depths:3)
  The ghost of benitares the Grand Master, a legendary DsMo of Uskayaw (Zot:2)
  The ghost of tstbtto the Talismancer, a veteran DDFi of Trog (Zot:2)
  Frederick (Depths:4)
  Saint Roka (Elf:2)
  2 caustic shrikes
  3 Killer Klowns (Zot:5)
  3 curse toes
  10 golden dragons
  the Enchantress (Depths:3)
  A profane servitor (Zig:4)
  Arachne (Spider:4)
  3 electric golems
  14 tentacled monstrosities
  3 liches
  Asterion (Vaults:1)
  5 deep elf blademasters
  3 deep elf master archers
  A titan (Vaults:5)
  11 Orb Guardians (Zot:5)
  6 acid blobs (Zot:3)
  A quicksilver dragon (Vaults:5)
  Gastronok (D:9)
  7 death cobs
  18 storm dragons
  2 sphinxes
  2 krakens
  12 shadow dragons
  Ilsuiw (Shoals:4)
  4 tengu reavers
  Wiglaf (Elf:2)
  5 iron dragons
  4 draconian knights
  15 fire giants
  7 draconian monks
  The ghost of Kidiri the Eclecticist, an adept DEFE of Vehumet (Spider:4)
  2 balrugs (Zig:2)
  12 deep elf sorcerers
  An orc warlord (Orc:2)
  3 ghouls
  12 draconian zealots
  14 frost giants
  Louise (Elf:1)
  2 ghost moths (Spider:4)
  3 emperor scorpions
  10 vault wardens
  8 draconian scorchers
  A caustic shrike zombie (Depths:4)
  3 deep elf elementalists (Elf:3)
  6 draconian shifters
  6 draconian annihilators
  15 ironheart preservers
  6 spriggan defenders
  31 very ugly things
  3 war gargoyles
  A caustic shrike skeleton (Depths:4)
  3 draconian callers
  3 vampire knights
  24 stone giants
  13 deep elf demonologists
  6 black draconians
  A black sun (Zig:4)
  8 green draconians
  7 white draconians
  4 deep elf annihilators
  Azrael (Spider:3)
  5 red draconians
  17 yellow draconians
  9 spark wasps
  3 mottled draconians
  7 purple draconians
  8 deep elf death magi
  12 ettins
  7 merfolk javelineers
  16 fire dragons
  12 merfolk impalers
  3 jiangshi
  6 deep elf high priests
  8 great orbs of eyes
  A spectral golden dragon (Zig:4)
  10 entropy weavers
  An entropy weaver (shapeshifter) (Depths:4)
  21 ice dragons
  14 yaktaur captains
  Erolcha (D:12)
  11 hydras
  35 vault guards
  2 catoblepae
  6 rakshasas
  8 merfolk avatars
  8 spriggan air magi
  8 centaur warriors
  A death knight (Vaults:4)
  11 ogre magi
  An alligator (shapeshifter) (Depths:2)
  38 dancing weapons
  2 deep troll earth magi
  4 merfolk aquamancers (Shoals:4)
  3 satyrs
  An alligator snapping turtle (Shoals:4)
  4 deep troll shamans
  8 death yaks (Lair:6)
  6 tengu warriors
  3 orc high priests
  Urug (Lair:4)
  2 spriggan berserkers
  3 vampire magi
  A titan zombie (Vaults:5)
  6 hell knights (Depths:5)
  Sonja (Lair:4)
  2 shadow wraiths
  27 deep elf knights
  3 skeletal warriors
  4 unseen horrors
  A salamander mystic (Depths:5)
  28 deep trolls
  15 sea snakes
  3 flayed ghosts
  An obsidian statue (Vaults:2)
  A giant orange brain (Vaults:5)
  24 deep elf archers
  5 wizards
  10 orc knights
  7 hill giants
  A mana viper (shapeshifter) (Elf:1)
  6 phantasmal warriors
  8 ironbrand convokers
  35 wolf spiders
  14 harpies
  16 orb spiders
  3 necromancers
  A hornet (shapeshifter) (Vaults:4)
  7 orc sorcerers
  81 deep elf magi
  3 salamanders (Depths:5)
  27 moths of wrath
  14 manticores
  9 hornets
  2 salamanders (shapeshifter)
  9 cyclopes
  14 ugly things
  Maurice (D:13)
  14 oklob plants
  13 griffons
  17 vault sentinels
  10 fauns
  4 black mambas
  5 sirens
  2 octopodes (shapeshifter)
  3 spiny frogs
  A black mamba (shapeshifter) (Vaults:4)
  12 elephants
  A torpor snail (Lair:4)
  A gargoyle (D:12)
  A water nymph (shapeshifter) (Depths:4)
  4 water nymphs
  An eye of devastation (Lair:6)
  2 spriggan skeletons (Depths:4)
  3 rime drakes
  5 kobold demonologists
  8 komodo dragons
  19 freezing wraiths
  2 ice devils (Lair:2)
  An efreet (D:14)
  10 small abominations
  60 yaktaurs
  5 demonic crawlers
  A troll (shapeshifter) (Elf:1)
  4 tengu conjurers
  2 meliai (shapeshifter)
  A polar bear (Lair:3)
  A yaktaur skeleton (Vaults:5)
  12 trolls
  23 merfolk
  31 jumping spiders
  18 two-headed ogres
  3 meliai (D:15)
  7 blink frogs (Lair:3)
  A blink frog (shapeshifter) (Depths:3)
  11 slime creatures
  7 boulder beetles
  9 snapping turtles
  A boulder beetle (shapeshifter) (Vaults:5)
  27 tarantellas
  8 spriggans
  An ettin skeleton (Vaults:5)
  20 water elementals
  5 air elementals
  A shadow (D:13)
  6 wyverns
  4 wraiths
  2 vampires
  47 yaks
  A human (shapeshifter) (Vaults:4)
  87 redbacks
  12 fire elementals
  2 humans (Vaults:4)
  4 basilisks
  2 hungry ghosts
  2 chaos spawn (Depths:5)
  12 hippogriffs
  11 vampire mosquitoes
  5 wargs
  2 soldier ants (shapeshifter)
  A deep troll skeleton (Vaults:5)
  A mottled dragon (Vaults:2)
  11 water moccasins
  2 soldier ants
  A porcupine (shapeshifter) (Depths:5)
  9 porcupines
  6 hell hounds
  A hornet simulacrum (D:14)
  A giant eyeball (Depths:3)
  7 sky beasts
  A sky beast (shapeshifter) (Depths:4)
  50 orc warriors
  10 wasps
  6 ice beasts (IceCv)
  4 black bears
  4 phantoms
  An alligator simulacrum (IceCv)
  44 ogres
  3 eyes of draining
  3 large abominations (Depths:5)
  6 boggarts (Vaults:3)
  5 wolves
  16 centaurs
  11 crocodiles
  6 big kobolds
  3 gnoll sergeants (D:11)
  2 earth elementals
  A wyvern zombie (D:13)
  16 giant frogs
  3 scorpions
  3 killer bees (D:9)
  5 wights
  2 howler monkeys
  2 electric eels
  3 giant frog zombies
  3 crimson imps
  23 jellies
  2 quasits
  8 centaur zombies
  3 draconian simulacra (IceCv)
  6 hounds
  6 centaur skeletons
  16 orc priests
  4 giant frog skeletons
  5 iguanas
  Terence (D:3)
  19 orc wizards
  3 troll simulacra (IceCv)
  9 worker ants
  3 polar bear simulacra (IceCv)
  A spriggan simulacrum (IceCv)
  13 sheep
  6 centaur simulacra
  2 hound zombies
  A hound skeleton (D:10)
  9 mummies
  5 gnolls
  A howler monkey zombie (D:11)
  4 worker ant zombies
  13 adders
  5 naga simulacra (IceCv)
  24 river rats
  3 ogre simulacra (IceCv)
  5 shadow imps
  13 white imps
  An adder skeleton (D:4)
  4 worms
  6 dart slugs
  5 giant geckos
  104 orcs
  2 ball pythons
  3 giant cockroaches
  A gnoll zombie (Ossuary)
  4 goblins
  7 hobgoblins
  17 jackals
  7 quokkas
  4 bats
  A giant gecko skeleton (D:4)
  A giant gecko zombie (D:9)
  3 giant newts
  23 kobolds
  4 kobold zombies (Ossuary)
  3 orc zombies (Ossuary)
  2 quokka zombies
  8 rats
  A rat zombie (D:7)
  2 crawling corpses (Elf:3)
  A fungus (Lair:2)
  3 plants (Shoals:4)
  A spectral weapon (D:13)
2373 creatures vanquished.

Vanquished Creatures (collateral kills)
  An acid blob (Zot:2)
  An iron dragon (Vaults:5)
  A war gargoyle (Vaults:5)
  A hill giant (D:13)
  A siren (Shoals:4)
  An orc (D:10)
6 creatures vanquished.

Vanquished Creatures (others)
  A sphinx (Vaults:5)
  2 tengu reavers
  A draconian knight (Zot:2)
  A fire giant (Vaults:3)
  A deep elf elementalist (Elf:3)
  2 vault wardens (Vaults:3)
  A deep elf sorcerer (Elf:2)
  A deep elf demonologist (Elf:2)
  2 lorocyprocas (Depths:1)
  A mottled draconian (Depths:5)
  A deep elf high priest (Elf:3)
  2 ogre magi (Vaults:3)
  A hell hog (shapeshifter) (Vaults:1)
  A deep elf knight (Elf:1)
  A deep troll (Vaults:3)
  A deep elf archer (Elf:2)
  A necromancer (Vaults:5)
  3 yaktaurs
  A tengu conjurer (Depths:3)
  2 two-headed ogres (Depths:4)
  A redback (Vaults:3)
  A fire elemental (Elf:2)
  4 insubstantial wisps (Elf:3)
  A porcupine (Lair:4)
  An orc warrior (Elf:2)
  An ogre (Vaults:5)
  A jelly (Zot:3)
  A giant gecko (D:5)
  2 orcs (Orc:1)
  A quokka (D:5)
  12 fungi
  13 plants
  32 spectral weapons
  4 tentacles (Shoals:4)
  30 tentacle segments (Shoals:4)
  3 withered plants (D:13)
135 creatures vanquished.

Grand Total: 2514 creatures vanquished

Notes
Turn   | Place    | Note
--------------------------------------------------------------
     0 | D:1      | mistymad the Vampire Enchanter began the quest for the Orb.
     0 | D:1      | Reached XP level 1. HP: 13/13 MP: 3/3
   429 | D:1      | Reached XP level 2. HP: 8/20 MP: 3/5
   884 | D:1      | Learned a level 2 spell: Ensorcelled Hibernation
  1264 | D:2      | Reached XP level 3. HP: 22/25 MP: 6/6
  1275 | D:2      | Learned a level 3 spell: Confuse
  1417 | D:2      | Reached skill level 5 in Stealth
  1436 | D:2      | Reached skill level 1 in Fighting
  1583 | D:2      | Found a faded altar of an unknown god.
  1590 | D:2      | Reached skill level 5 in Hexes
  1590 | D:2      | Reached XP level 4. HP: 32/32 MP: 4/7
  2139 | D:3      | Noticed Terence
  2212 | D:3      | Killed Terence
  2469 | D:3      | Found a blossoming altar of Fedhas.
  2469 | D:3      | Found a bloodstained altar of Trog.
  2797 | D:4      | Reached XP level 5. HP: 37/37 MP: 9/9
  3127 | D:4      | Reached XP level 6. HP: 44/44 MP: 10/10
  3216 | D:4      | Reached skill level 6 in Stealth
  3290 | D:4      | Found a hazy altar of Hepliaklqana.
  3736 | D:4      | Reached XP level 7. HP: 44/51 MP: 5/12
  4385 | D:5      | Entered Level 5 of the Dungeon
  4451 | D:5      | Noticed a two-headed ogre
  4464 | D:5      | Killed a two-headed ogre
  4622 | D:5      | Reached skill level 7 in Stealth
  5193 | D:5      | Reached XP level 8. HP: 58/58 MP: 13/13
  5236 | D:5      | Found a white marble altar of Elyvilon.
  5598 | D:6      | Found a burning altar of Makhleb.
  5629 | D:6      | Reached skill level 5 in Dodging
  5767 | D:6      | Reached skill level 8 in Stealth
  5868 | D:6      | Found a stormy altar of Qazlal.
  5903 | D:6      | Found a basalt altar of Yredelemnul.
  5906 | D:6      | Found an iron altar of Okawaru.
  5909 | D:6      | Found a hide-covered altar of Uskayaw.
  5935 | D:6      | Found a snail-covered altar of Cheibriados.
  5936 | D:6      | Found a deep blue altar of Sif Muna.
  6172 | D:6      | Reached skill level 5 in Short Blades
  6446 | D:7      | Found a staircase to the Ecumenical Temple.
  6469 | D:7      | Reached XP level 9. HP: 65/65 MP: 2/16
  6496 | Temple   | Entered the Ecumenical Temple
  6516 | Temple   | Became a worshipper of Ashenzari the Shackled
  6598 | D:7      | Learned a level 3 spell: Tukima's Dance
  6602 | D:7      | Learned a level 3 spell: Dazzling Spray
  6636 | D:7      | Found Xosu's Book Shop.
  6697 | D:7      | Found a sand-covered staircase.
  6729 | Ossuary  | Entered an ossuary
  6884 | Ossuary  | Reached skill level 5 in Spellcasting
  7217 | D:7      | Reached skill level 9 in Stealth
  7349 | D:7      | Found a shadowy altar of Dithmenos.
  7361 | D:7      | Found a sacrificial altar of Ru.
  8004 | D:8      | You fall through a shaft for 3 floors!
  8005 | D:11     | Noticed an unseen horror
  8074 | D:10     | Entered Level 10 of the Dungeon
  8113 | D:10     | Noticed a troll
  8130 | D:10     | Killed a troll
  8130 | D:10     | Reached skill level 5 in Fighting
  8500 | D:9      | Reached * piety under Ashenzari
  8503 | D:9      | Noticed Gastronok
  9124 | D:9      | Killed Gastronok
  9124 | D:9      | Reached skill level 10 in Stealth
  9124 | D:9      | Reached skill level 10 in Hexes
  9124 | D:9      | Reached XP level 10. HP: 76/76 MP: 14/19
  9287 | D:8      | Found a sacrificial altar of Ru.
  9817 | D:9      | Found an opulent altar of Gozag.
 10074 | D:9      | Found a staircase to the Lair.
 10261 | D:10     | Noticed a hill giant
 10295 | D:10     | Killed a hill giant
 10295 | D:10     | Reached skill level 11 in Stealth
 10347 | D:10     | Found a basalt altar of Yredelemnul.
 10580 | D:10     | Reached XP level 11. HP: 75/81 MP: 18/21
 10636 | D:10     | Noticed a tengu warrior
 10654 | D:10     | Killed a tengu warrior
 10786 | Lair:1   | Entered Level 1 of the Lair of Beasts
 10791 | Lair:1   | Got the scimitar of the Whelk {freeze, MR++}
 10793 | Lair:1   | Identified the +2 scimitar of the Whelk {freeze, MR++} (You found it on level 1 of the Lair of Beasts)
 10922 | Lair:1   | Noticed an eight-headed hydra
 10937 | Lair:1   | Killed an eight-headed hydra
 11291 | Lair:1   | Noticed an oklob plant
 11294 | Lair:1   | Found an oddly glowing altar of Pakellas.
 11301 | Lair:1   | Killed an oklob plant
 11314 | Lair:1   | Reached skill level 1 in Shields
 11941 | Lair:2   | Found a frozen archway.
 11953 | Lair:2   | Reached skill level 12 in Stealth
 11972 | IceCv    | Entered an ice cave
 12987 | IceCv    | Found an ancient bone altar of Kikubaaqudgha.
 13368 | IceCv    | Reached XP level 12. HP: 79/91 MP: 12/23
 14590 | Lair:2   | Found a hole to the Spider Nest.
 14759 | Lair:2   | Found a staircase to the Shoals.
 15096 | Lair:3   | Reached ** piety under Ashenzari
 15287 | Lair:3   | Reached skill level 13 in Stealth
 16183 | Lair:1   | Noticed a six-headed hydra
 16252 | Lair:4   | Noticed Sonja
 16264 | Lair:4   | Killed Sonja
 16474 | Lair:4   | Noticed Urug
 16493 | Lair:4   | Killed Urug
 16544 | Lair:4   | Noticed a six-headed hydra
 16564 | Lair:4   | Killed a six-headed hydra
 16564 | Lair:4   | Reached skill level 10 in Dodging
 16753 | Lair:4   | Reached XP level 13. HP: 98/98 MP: 19/25
 17684 | Lair:5   | Reached skill level 10 in Short Blades
 17684 | Lair:5   | Reached skill level 14 in Stealth
 18033 | Lair:6   | Entered Level 6 of the Lair of Beasts
 18559 | Lair:6   | Reached *** piety under Ashenzari
 19224 | Lair:6   | Found a viscous altar of Jiyva.
 19224 | Lair:6   | Found a staircase to the Slime Pits.
 20505 | Lair:6   | Reached skill level 15 in Stealth
 20611 | Lair:6   | Reached XP level 14. HP: 108/108 MP: 15/27
 22070 | D:11     | Found a staircase to the Orcish Mines.
 22662 | D:12     | Noticed Erolcha
 22663 | D:12     | Found a hide-covered altar of Uskayaw.
 22664 | D:12     | Killed Erolcha
 22664 | D:12     | Reached skill level 10 in Spellcasting
 22739 | D:12     | Found a portal to a secret trove of treasure.
 22925 | D:12     | Found Vicom's Book Emporium.
 23053 | D:12     | Reached skill level 16 in Stealth
 23939 | D:13     | Noticed a ghoul
 23970 | D:13     | Killed a ghoul
 24186 | D:13     | Found a gate to the Vaults.
 24312 | D:13     | Reached skill level 10 in Fighting
 24402 | Orc:1    | Entered Level 1 of the Orcish Mines
 24407 | Orc:1    | Noticed a stone giant
 24586 | Orc:1    | Killed a stone giant
 25217 | Orc:2    | Entered Level 2 of the Orcish Mines
 25330 | Orc:2    | Found a roughly hewn altar of Beogh.
 25389 | Orc:2    | Found a roughly hewn altar of Beogh.
 25390 | Orc:2    | Found Yneumm's Gadget Shoppe.
 25646 | Orc:2    | Found a roughly hewn altar of Beogh.
 25813 | Orc:2    | Found a staircase to the Elven Halls.
 25880 | Orc:2    | Found a roughly hewn altar of Beogh.
 25918 | Orc:2    | Found Caxt's Antique Weapon Shoppe.
 25975 | Orc:2    | Found a shimmering altar of Xom.
 25989 | Orc:2    | Found Kazxelih's Magic Scroll Shoppe.
 26208 | Orc:2    | Noticed an orc warlord
 26352 | Orc:2    | Killed an orc warlord
 26352 | Orc:2    | Reached skill level 17 in Stealth
 26352 | Orc:2    | Reached XP level 15. HP: 117/117 MP: 17/29
 26418 | Orc:2    | Bought 3 scrolls of identify for 78 gold pieces
 26418 | Orc:2    | Bought a scroll of identify for 26 gold pieces
 26418 | Orc:2    | Bought a scroll of identify for 26 gold pieces
 26418 | Orc:2    | Identified a scroll of acquirement
 26446 | Orc:2    | Found Hacyh's Antique Armour Shop.
 26463 | Orc:2    | Found Obivys's Antique Weapon Boutique.
 26463 | Orc:2    | Found a roughly hewn altar of Beogh.
 26490 | Orc:2    | Bought an ichor-stained dagger for 140 gold pieces
 26557 | Orc:2    | Bought a scroll of enchant weapon for 97 gold pieces
 26563 | Orc:2    | Identified the cursed +1 dagger of the Toadstool {drain, Str+4} (You bought it in a shop on level 2 of the Orcish Mines)
 26563 | Orc:2    | Identified the +5 hand axe "Runtagh" {drain, rF- rN+ Dex+3 Stlth+} (You found it on level 6 of the Lair of Beasts)
 26629 | D:12     | Bought a book of Battle for 480 gold pieces
 26634 | D:12     | Learned a level 3 spell: Spectral Weapon
 26638 | D:12     | Learned a level 3 spell: Regeneration
 26641 | D:12     | Learned a level 2 spell: Shroud of Golubria
 26642 | D:12     | Bought a manual of Dodging for 1324 gold pieces
 26831 | D:13     | Found a stormy altar of Qazlal.
 26848 | D:13     | Noticed Maurice
 26857 | D:13     | Reached skill level 1 in Charms
 26879 | D:13     | Killed Maurice
 27841 | D:14     | Found Fiocufom's Antique Armour Shop.
 27849 | D:14     | Bought a glowing cloak for 135 gold pieces
 27849 | D:14     | Bought an embroidered robe for 21 gold pieces
 27849 | D:14     | Bought a pair of embroidered boots for 135 gold pieces
 27849 | D:14     | Bought an embroidered robe for 21 gold pieces
 27849 | D:14     | Bought a glowing buckler for 135 gold pieces
 27849 | D:14     | Bought a warped scale mail for 270 gold pieces
 27988 | D:14     | Reached **** piety under Ashenzari
 28013 | D:14     | Learned a level 2 spell: Blink
 28015 | D:14     | Learned a level 1 spell: Apportation
 28020 | D:14     | Learned a level 4 spell: Passage of Golubria
 28189 | D:14     | Identified the cursed +3 dagger "Ellirghekh" {freeze, Str+5 Int+7 SInv}
 28666 | D:15     | Entered Level 15 of the Dungeon
 28685 | D:15     | Reached skill level 1 in Translocations
 28970 | D:15     | Found a staircase to the Depths.
 29566 | D:15     | Identified the +0 scale mail of Ushyl {*Corrode rC+ Regen+ Int+2} (You bought it in a shop on level 14 of the Dungeon)
 29855 | Elf:1    | Entered Level 1 of the Elven Halls
 29911 | Elf:1    | Reached skill level 18 in Stealth
 30011 | Elf:1    | Reached skill level 5 in Charms
 30269 | Spider:1 | Entered Level 1 of the Spider Nest
 30269 | Spider:1 | Identified the +1 leather armour of Zueseboh {-Cast rElec Str+5}
 30694 | Spider:1 | Reached ***** piety under Ashenzari
 30872 | Spider:1 | Reached XP level 16. HP: 121/126 MP: 31/31
 32877 | Shoals:1 | Entered Level 1 of the Shoals
 33250 | Spider:3 | Noticed Azrael
 33346 | Spider:3 | Killed Azrael
 33394 | Spider:3 | Reached skill level 15 in Dodging
 33852 | Spider:4 | Entered Level 4 of the Spider Nest
 33873 | Spider:4 | Noticed Arachne
 34256 | Spider:4 | Killed Arachne
 34589 | Spider:4 | Noticed Kidiri's ghost (adept DEFE)
 34591 | Spider:4 | Reached skill level 19 in Stealth
 34770 | Spider:4 | Killed Kidiri's ghost
 35363 | Spider:4 | Reached skill level 5 in Translocations
 36116 | Shoals:1 | Reached XP level 17. HP: 133/133 MP: 32/32
 37557 | Spider:4 | Got a gossamer rune of Zot
 37818 | D:12     | Bought a book of Air for 420 gold pieces
 37822 | D:12     | Learned a level 2 spell: Repel Missiles
 38202 | Shoals:2 | Found Bukoijuo's Armour Emporium.
 38304 | Shoals:2 | Reached ****** piety under Ashenzari
 38383 | Shoals:2 | Noticed a kraken
 38408 | Shoals:2 | Killed a kraken
 39164 | Shoals:3 | Found Gonkello's Weapon Shoppe.
 40255 | Shoals:4 | Entered Level 4 of the Shoals
 40340 | Shoals:4 | HP: 6/135 [merfolk javelineer/spear of freezing (2)]
 40890 | Shoals:4 | Reached skill level 20 in Stealth
 40903 | Shoals:4 | Reached skill level 1 in Evocations
 41232 | Shoals:4 | Noticed a kraken
 41247 | Shoals:4 | Killed a kraken
 41265 | Shoals:4 | Got a barnacled rune of Zot
 41579 | Shoals:4 | Noticed Ilsuiw
 41663 | Shoals:4 | Killed Ilsuiw
 41663 | Shoals:4 | Reached XP level 18. HP: 142/142 MP: 10/34
 43356 | D:7      | Bought a book of Party Tricks for 700 gold pieces
 43363 | D:7      | Learned a level 6 spell: Invisibility
 43675 | Elf:1    | Reached skill level 10 in Charms
 44188 | Elf:1    | Found a runed door.
 44428 | Elf:1    | Noticed Louise
 44435 | Elf:1    | Killed Louise
 45016 | Elf:2    | Identified the +5 leather armour "Quec" {rElec rN+ Regen+}
 45157 | Elf:2    | Found a runed gate.
 45158 | Elf:2    | Found a runed gate.
 45169 | Elf:2    | Found a runed gate.
 45219 | Elf:2    | Reached skill level 15 in Hexes
 45251 | Elf:2    | Found a huge runed gate.
 45251 | Elf:2    | Found a huge runed gate.
 45261 | Elf:2    | Found a huge runed gate.
 45261 | Elf:2    | Found a huge runed gate.
 45261 | Elf:2    | Found a huge runed gate.
 45261 | Elf:2    | Found a huge runed gate.
 45262 | Elf:2    | Found a huge runed gate.
 45737 | Elf:2    | Reached XP level 19. HP: 135/149 MP: 30/36
 46194 | Elf:2    | Reached skill level 5 in Evocations
 46196 | Elf:2    | Noticed Saint Roka
 46209 | Elf:2    | Killed Saint Roka
 46224 | Elf:2    | Reached skill level 21 in Stealth
 46551 | Elf:2    | Noticed Wiglaf
 46571 | Elf:2    | Killed Wiglaf
 47080 | Elf:3    | Entered Level 3 of the Elven Halls
 47504 | Elf:3    | Identified the +1 robe "Munehy" {rF+ Str+3 Int+3}
 48728 | Elf:3    | Identified the +8 plate armour of Ifabaoph {MR- Str+8} (You took it off a deep elf high priest on level 3 of the Elven Halls)
 48736 | Elf:3    | Noticed a Tzitzimitl
 49012 | Elf:3    | Identified the +5 glaive of the Ring {chop, Dex+7}
 49073 | Elf:3    | Identified the +4 falchion "Orb Guardian's Regret" {freeze, Int+4} (You took it off a deep elf death mage on level 3 of the Elven Halls)
 49263 | Elf:3    | Identified the +7 long sword of mistymad's Slow Death {drain, rElec rF+ Str-2 Int+6} (You took it off a deep elf sorcerer on level 3 of the Elven Halls)
 49500 | Elf:3    | Identified the ring of Circularity {rC+ Slay+3} (You took it off a deep elf annihilator on level 3 of the Elven Halls)
 49575 | Elf:3    | HP: 4/151 [Executioner[a deep elf demonologist] (21)]
 50163 | Elf:3    | Noticed a Tzitzimitl
 50167 | Elf:3    | Reached XP level 20. HP: 103/158 MP: 31/37
 50276 | Elf:3    | Identified the amulet "Raej" {Faith MR++ Dex+3} (You took it off a deep elf death mage on level 3 of the Elven Halls)
 50276 | Elf:3    | Identified the +9 flail of Wyrd {freeze, Str+3} (You took it off a deep elf death mage on level 3 of the Elven Halls)
 50987 | Elf:3    | Identified the +7 rapier "Dragonslayer" {flame, rN+} (You took it off a deep elf demonologist on level 3 of the Elven Halls)
 51031 | Elf:3    | Identified the +1 storm dragon armour "Cyemoq Jeck" {rElec Int+2}
 51069 | Elf:3    | Identified the cursed -6 cloak of Broken Taboos {rElec rC+ Regen+ Str-5}
 51120 | Elf:3    | Identified the cursed +0 plate armour "Vetesoad" {rCorr} (You took it off a deep elf blademaster on level 3 of the Elven Halls)
 51196 | Elf:3    | Learned a level 5 spell: Silence
 51753 | Shoals:2 | Bought the cursed +0 cloak of the Clam {*Confuse rF+ Dex+2} for 239 gold pieces
 51994 | Vaults:1 | Entered Level 1 of the Vaults
 52190 | Vaults:1 | Identified the +3 arbalest "Niasil" {elec, -Tele Int+3 Dex+4}
 52530 | Vaults:1 | Found Buixonk's Jewellery Shoppe.
 52695 | Vaults:1 | Reached skill level 1 in Armour
 52803 | Vaults:1 | Noticed Asterion
 52810 | Vaults:1 | Killed Asterion
 53257 | Vaults:1 | Noticed a Tzitzimitl
 53583 | Vaults:1 | Reached skill level 22 in Stealth
 54048 | Vaults:2 | Reached skill level 5 in Shields
 54269 | Vaults:2 | Found a staircase to the Crypt.
 55157 | Vaults:2 | Found a gateway to a bazaar.
 56756 | Vaults:3 | Reached XP level 21. HP: 167/167 MP: 23/38
 57085 | Vaults:3 | Reached skill level 15 in Fighting
 57423 | Vaults:4 | Found a flickering gateway to a bazaar.
 57439 | Bazaar   | Entered a bazaar
 57453 | Bazaar   | Found Xiumnely's Food Emporium.
 57468 | Bazaar   | Found Gygrit's Weapon Emporium.
 57468 | Bazaar   | Found Amelep's Food Shoppe.
 57484 | Bazaar   | Found Eklo Waar's Armour Shoppe.
 57506 | Bazaar   | Found Kanun's Antique Weapon Emporium.
 57555 | Bazaar   | Bought the +1 buckler of Neirem {rPois rF+ Regen+ Str+2} for 414 gold pieces
 57555 | Bazaar   | Bought the +1 pair of boots of the Republic {rElec rN+ Dex-4} for 250 gold pieces
 57861 | Vaults:4 | Found Roozuote's General Store.
 58116 | Vaults:4 | Found Pahaed's Jewellery Shop.
 58331 | Vaults:4 | Found Orunk's Antique Weapon Emporium.
 58983 | Vaults:5 | Entered Level 5 of the Vaults
 59071 | Vaults:4 | Reached skill level 5 in Armour
 59296 | Vaults:4 | Reached skill level 23 in Stealth
 60513 | Vaults:5 | Noticed a golden dragon
 60776 | Vaults:5 | Identified the +6 blowgun of Beogh's Brutal Revenge {evade, MR+} (You took it off a vault warden on level 5 of the Vaults)
 60776 | Vaults:5 | Identified the +11 falchion "Bingo" {freeze, rPois rN+++ Str-2 Dex-5} (You took it off a vault warden on level 5 of the Vaults)
 60878 | Vaults:5 | Reached XP level 22. HP: 60/177 MP: 11/39
 61122 | Vaults:5 | Identified the +0 leather armour of Kikubaaqudgha's Regard {+Fly rN+++ Int-4}
 61135 | Vaults:5 | Got the uncursed pair of gloves of the Poles {+Inv rPois rN+}
 61200 | Vaults:5 | Identified the +1 pair of gloves of the Poles {+Inv rPois rN+} (You found it on level 5 of the Vaults)
 61374 | Vaults:5 | Identified the +3 hand axe "Anyf" {chop, rF+ rN+++ MR++ MP-9} (You took it off a deep elf high priest on level 5 of the Vaults)
 61539 | Vaults:5 | Identified the ring "Wilyid" {rCorr Int+3} (You took it off a yaktaur captain on level 5 of the Vaults)
 62084 | Vaults:5 | Identified Sif Muna's Volume of Transformation
 62219 | Vaults:5 | Found Fozetiff's Food Boutique.
 62230 | Vaults:5 | Got a silver rune of Zot
 63372 | Bazaar   | Entered a bazaar
 63385 | Bazaar   | Found Futyb's Gadget Shoppe.
 63440 | Bazaar   | Found Edebbikhuinn's Jewellery Boutique.
 63470 | Bazaar   | Found Zyokut's Gadget Shoppe.
 63537 | Bazaar   | Found Velefeh's Book Shoppe.
 63545 | Bazaar   | Bought a book of Frost for 385 gold pieces
 63552 | Bazaar   | Learned a level 3 spell: Ozocubu's Armour
 63614 | Bazaar   | Bought a ring of the Octopus King {rC+ AC+1 EV+1 Str+1 Int+1 Dex+1} for 513 gold pieces
 63649 | Bazaar   | Bought a sack of spiders for 180 gold pieces
 63706 | Bazaar   | Bought a sack of spiders for 280 gold pieces
 63706 | Bazaar   | Bought a sack of spiders for 280 gold pieces
 63706 | Bazaar   | Bought a sack of spiders for 280 gold pieces
 63706 | Bazaar   | Bought a sack of spiders for 280 gold pieces
 63706 | Bazaar   | Bought a box of beasts for 280 gold pieces
 63919 | Vaults:4 | Bought a potion of magic for 136 gold pieces
 63919 | Vaults:4 | Bought a scroll of teleportation for 51 gold pieces
 64330 | Lair:1   | Learned a level 4 spell: Summon Lightning Spire
 64508 | Depths:1 | Entered Level 1 of the Depths
 64508 | Depths:1 | Found a shattered altar of Ashenzari.
 64509 | Depths:1 | Found a gateway to Hell.
 64724 | Depths:1 | Reached skill level 1 in Ice Magic
 64752 | Depths:1 | Reached skill level 10 in Evocations
 64842 | Depths:1 | Reached skill level 1 in Summonings
 64858 | Depths:1 | Reached skill level 24 in Stealth
 65779 | Depths:2 | Reached XP level 23. HP: 187/187 MP: 33/40
 65901 | Depths:2 | Identified the cursed +1 short sword "Teloudurgh" {pierce, +Blink rElec Dex+4}
 65901 | Depths:2 | Found a stormy altar of Qazlal.
 67779 | Vaults:4 | Bought the ring "Uzeaz" {rF++ rN+ Str+3 Int+2} for 1100 gold pieces
 68466 | Depths:3 | Reached skill level 1 in Air Magic
 68593 | Depths:3 | Noticed a caustic shrike
 68595 | Depths:3 | Noticed a juggernaut
 68618 | Depths:3 | Reached skill level 5 in Ice Magic
 68858 | Depths:3 | Killed a caustic shrike
 68862 | Depths:3 | Killed a juggernaut
 68978 | Depths:3 | Reached skill level 5 in Summonings
 69074 | Depths:3 | Found a one-way gate leading to the halls of Pandemonium.
 69215 | Depths:3 | Noticed the Enchantress
 69413 | Depths:3 | Killed the Enchantress
 69413 | Depths:3 | Identified the +1 faerie dragon armour {*Contam rCorr Dex+8} (You took it off the Enchantress on level 3 of the Depths)
 70081 | Depths:4 | Found a runed door.
 70081 | Depths:4 | Noticed a caustic shrike
 70103 | Depths:4 | Killed a caustic shrike
 70115 | Depths:4 | Reached XP level 24. HP: 197/197 MP: 38/41
 70142 | Depths:4 | Reached skill level 25 in Stealth
 70205 | Depths:4 | Noticed Frederick
 70213 | Depths:4 | Killed Frederick
 70694 | Depths:4 | Identified the cursed +0 hat of Rysust {rN+ MR+ MP+9 Int+3} (You acquired it on level 4 of the Depths)
 71042 | Depths:4 | Found a one-way gate to the infinite horrors of the Abyss.
 71245 | Depths:4 | Reached skill level 5 in Air Magic
 71502 | Depths:5 | Entered Level 5 of the Depths
 71800 | Depths:5 | Found a gateway to a ziggurat.
 73111 | Depths:5 | Found a gate to the Realm of Zot.
 73296 | Zig:1    | Entered Level 1 of a ziggurat
 73303 | Zig:1    | Identified the +0 ring mail of the Forgotten Spirits {rPois Dex+4}
 73313 | Zig:2    | Entered Level 2 of a ziggurat
 73427 | Zig:3    | Entered Level 3 of a ziggurat
 73466 | Zig:4    | Entered Level 4 of a ziggurat
 73643 | Zig:5    | Entered Level 5 of a ziggurat
 73650 | Zig:5    | Identified the +7 flail of Extremism {crush, Int+2}
 73650 | Zig:5    | Identified the cursed +2 hand crossbow "Bixzibb" {penet, *Corrode +Inv rN+++ MR-}
 73703 | Depths:5 | Learned a level 6 spell: Haste
 73713 | Depths:5 | Learned a level 6 spell: Deflect Missiles
 73919 | Zot:1    | Entered Level 1 of the Realm of Zot
 74740 | Zot:2    | Reached skill level 10 in Ice Magic
 74873 | Zot:2    | Reached XP level 25. HP: 206/206 MP: 34/41
 75038 | Zot:2    | Noticed benitares's ghost (legendary DsMo)
 75065 | Zot:2    | Killed benitares's ghost
 75561 | Zot:2    | Reached skill level 15 in Spellcasting
 75626 | Zot:2    | Gained mutation: You are clumsy. (Dex -2) [mutagenic glow]
 75877 | Zot:2    | Noticed tstbtto's ghost (veteran DDFi)
 76105 | Zot:2    | Killed tstbtto's ghost
 79848 | Zot:4    | Reached XP level 26. HP: 198/217 MP: 42/42
 81315 | Zot:5    | Entered Level 5 of the Realm of Zot
 81424 | Zot:5    | Noticed an orb of fire
 81431 | Zot:5    | Killed an orb of fire
 82442 | Zot:5    | Noticed an ancient lich
 82454 | Zot:5    | Killed an ancient lich
 82518 | Zot:5    | Gained mutation: You have a pair of small antennae on your head. [mutagenic glow]
 82659 | Zot:5    | Noticed an orb of fire
 82724 | Zot:5    | Gained mutation: Armour fits poorly on your strangely shaped body. [an orb of fire]
 82764 | Zot:5    | Noticed an ancient lich
 82781 | Zot:5    | Killed an ancient lich
 82785 | Zot:5    | Gained mutation: You are very clumsy. (Dex -4) [an orb of fire]
 82807 | Zot:5    | Killed an orb of fire
 83090 | Zot:5    | Noticed an orb of fire
 83133 | Zot:5    | Gained mutation: Your spells are a little easier to cast, but a little less powerful. [an orb of fire]
 83185 | Zot:5    | Killed an orb of fire
 83202 | Zot:5    | Noticed an orb of fire
 83203 | Zot:5    | Noticed an orb of fire
 83220 | Zot:5    | Gained mutation: Your magical capacity is low. (-10% MP) [an orb of fire]
 83254 | Zot:5    | Killed an orb of fire
 83278 | Zot:5    | Killed an orb of fire
 83316 | Zot:5    | Gained mutation: You expend magic power (3 MP) to strengthen your wands. [mutagenic glow]
 83364 | Zot:5    | Reached XP level 27. HP: 94/227 MP: 39/39
 83468 | Zot:5    | Noticed an ancient lich
 83476 | Zot:5    | Killed an ancient lich
 83538 | Zot:5    | Noticed an ancient lich
 83631 | Zot:5    | Killed an ancient lich
 84135 | Zot:5    | Noticed an ancient lich
 84149 | Zot:5    | Killed an ancient lich
 84289 | Zot:5    | Noticed an orb of fire
 84306 | Zot:5    | Gained mutation: You are frail. (-10% HP) [an orb of fire]
 84307 | Zot:5    | Gained mutation: Your body sometimes deteriorates upon taking damage. [an orb of fire]
 84334 | Zot:5    | Gained mutation: You are dopey. (Int -2) [an orb of fire]
 84369 | Zot:5    | Killed an orb of fire
 84894 | Zot:5    | Slain by an Orb Guardian

Vault maps used:
D:1:      dpeg_arrival_pond, serial_bayou_pond_c, nrook_mini_vaults
D:2:      ecumenical_altar_2, st_stairs_1
D:3:      gammafunk_temple_overflow_wave, uniq_terence
D:4:      lemuel_crystal_altar, st_stairs_11, corexii_corridor_pit
D:5:      elyvilon_altar_4, first_bread
D:6:      old_standard_altar, grunt_temple_overflow_cloverleaf,
          gammafunk_temple_overflow_pools
D:7:      nicolae_dithmenos_the_darkroom, lemuel_crystal_altar,
          temple_fountains, serial_shops, nicolae_shop_window_shopping,
          enter_ossuary_4, st_stairs_7
D:8:      basic_altar
D:9:      nicolae_overflow_crystal_walls, lair_0_dummy, uniq_gastronok
D:10:     basic_altar, grunt_tengu_nest
D:11:     kennysheep_orc_monster_closet_entryway
D:12:     enter_trove_6, serial_shops, shop_coins, basic_altar, uniq_erolcha
D:13:     erik_vaults_2, serial_undead, serial_undead_d, serial_undead_e,
          serial_undead_e, serial_undead_e, nicolae_qazlal_general_emergency,
          uniq_maurice
D:14:     minmay_four_partial_circles, serial_shops, shop, minivault_26,
          small_statue_intersection, kennysheep_decorative_pillar
D:15:     hangedman_depths_entry_civil_slaughter, interstate_on_off,
          minivault_23
Temple:   minmay_temple_bridge_a_8
Lair:1:   minmay_holes, lemuel_oklob_altar
Lair:2:   minmay_shoals_entry_beasts, spider_nest_entry_rubble,
          portal_ice_cave_demonic_guard, st_stairs_4, grunt_megastairs_4
Lair:3:   nicolae_lair_grove_arrangements, minivault_26
Lair:4:   nicolae_quartered_pool_little, grunt_forest_large_clearings,
          serial_bayou_shore_b, serial_bayou_shore_b, bh_autumn_forest_stairs,
          uniq_urug, uniq_sonja
Lair:5:   serial_bayou_ford_a
Lair:6:   hangedman_lair_in_review, dpeg_slime_entry_enclosed_altar,
          infiniplex_staircase_pool
Shoals:2: serial_shops, shop, nicolae_shoals_arrival_archipelago
Shoals:3: serial_shops, nicolae_shop_stone, nicolae_shoals_mertower
Shoals:4: shoals_end_hangedman, shoal_ilsuiw
Spider:3: uniq_azrael
Spider:4: spider_rune_water, uniq_arachne
Orc:2:    grunt_orc_community_town_hall, grunt_orc_community_big_house_2,
          grunt_orc_community_big_house_1, grunt_orc_community_house_3,
          grunt_orc_community_house_3, grunt_orc_community_house_2,
          grunt_orc_community_house_2, serial_shops, nicolae_shop_crystal,
          basic_altar, mines1_david
Elf:1:    eino_elf_arrival_customs, hangedman_elf_represent, minivault_13,
          uniq_louise
Elf:2:    door_vault, uniq_wiglaf, uniq_saint_roka
Elf:3:    minmay_elf_hall_x, serial_aquarium, aquarium_bridge_square,
          aquarium_bridge_long_joined, aquarium_window_fake, aquarium_window_1,
          aquarium_window_1, aquarium_view_2e, aquarium_view_2d,
          aquarium_pool_corner
Vaults:1: grunt_vaults_swirl, nicolae_vaults_theta, nicolae_vaults_display_case,
          nicolae_vaults_yaktaur_gun_rack, vaults_mumra_hexcomb, serial_shops,
          nicolae_shop_window_shopping, uniq_asterion
Vaults:2: v_misc_29, nicolae_vaults_diagonal_hallway_7,
          nicolae_vaults_diagonal_hallway_8, hangedman_vaults_trim,
          vaults_dpeg_spiral, minmay_crypt_entry_simple_box, v_misc_8,
          grunt_vaults_focal, hangedman_vaults_cutoff, v_misc_17,
          hangedman_vaults_trim, serial_shops, statue_bzr
Vaults:3: nicolae_vaults_little_squares_4, nicolae_vaults_big_angled_halls,
          ontoclasm_vaults_pinch, dpeg_vaults_pockets_of_resistance, v_misc_28,
          vaults_room_fours, vaults_room_boxed, vaults_room_semicircle,
          vaults_room_pool, nicolae_vaults_little_squares_1
Vaults:4: hangedman_vaults_maws, nicolae_vaults_little_squares_1,
          vaults_room_corners, ontoclasm_vaults_decontamination, v_misc_9,
          nicolae_vaults_halls_meeting, v_misc_2, ontoclasm_vaults_twist,
          nicolae_vaults_triangles, nicolae_vaults_little_ls, v_misc_12,
          grunt_vaults_hallway_long, vaults_dpeg_diagonal, v_misc_14,
          vaults_dpeg_ring, v_misc_13, serial_shops, bzr_entry_customers, shop,
          nicolae_shop_behind_doors, nicolae_shop_waterfront
Vaults:5: serial_shops
Depths:1: ashenzari_altar_1, hell_entry, hex_medium, nrook_kobold_shadow_demons
Depths:2: regret_index_qazlal_generations, hell_entry, minmay_staircase_bubble
Depths:3: evilmike_diamond_2, pan_entry, pf_hell_entry_tar_spiral, serial_bayou,
          serial_bayou_pond_c, serial_bayou_pond_a, serial_bayou_pond_d,
          serial_bayou_pond_a, nicolae_lava_and_water, uniq_enchantress
Depths:4: hangedman_cross_stitches, serial_sigils_hangedman_clutch,
          hangedman_coc_ice_floe, rand_demon_pan_entry_3,
          hangedman_abyss_entry_splay, minmay_hidden_floor, uniq_frederick
Depths:5: evilmike_zot_entry_hall, enter_ziggurat_e, hangedman_glass_teeth,
          hell_entry, minmay_room_of_horrors
Zot:1:    grunt_ministairs_1
Zot:2:    lemuel_draconian_sentries_small
Zot:3:    lemuel_acid_trip
Zot:4:    grunt_zot_stairs_overgrown, grunt_megastairs_5
Bazaar:   bazaar_long_row, bazaar_minmay_generic_d
Ossuary:  ossuary_tomb_3
IceCv:    ice_cave_small_necro

Skill      XL: |  1  2  3  4  5  6  7  8  9 10 11 12 13 14 15 16 17 18 19 20 21 22 23 24 25 26 27 |
---------------+----------------------------------------------------------------------------------+-----
Stealth        | 5 6 7 8 10 11 12 13 15 17 18 19 20 21 22 23 24 25 | 25.0
Fighting       | 1 2 3 4 5 6 7 8 9 10 11 12 13 14 15 17 18 19 20 21 | 21.5
Hexes          | 5 6 7 8 10 11 13 14 15 16 | 16.2
Short Blades   | 2 3 5 6 7 8 9 10 11 | 11.0
Dodging        | 3 4 5 7 9 10 11 12 14 15 17 18 19 20 21 22 | 22.5
Spellcasting   | 3 4 6 7 8 9 10 11 12 13 14 15 16 | 16.7
Shields        | 2 4 5 7 |  7.0
Charms         | 5 8 9 10 11 12 13 14 | 14.4
Translocations | 3 5 6 7 8 |  8.3
Evocations     | 2 4 6 7 9 10 11 12 13 14 | 14.5
Armour         | 3 5 |  5.1
Ice Magic      | 3 7 10 12 13 | 13.1
Summonings     | 3 5 6 |  6.9
Air Magic      | 3 6 |  6.0

Action                   |  1- 3 |  4- 6 |  7- 9 | 10-12 | 13-15 | 16-18 | 19-21 | 22-24 | 25-27 || total
-------------------------+-------+-------+-------+-------+-------+-------+-------+-------+-------++-------
Melee: Dagger            |   112 |   180 |   394 |   782 |  1151 |       |       |       |       ||  2619
       Bite              |    10 |    14 |    29 |   103 |   195 |   215 |   515 |   739 |   489 ||  2309
       Scimitar          |       |       |       |     5 |    29 |       |       |       |       ||    34
       Quick blade       |       |       |       |       |   535 |  1834 |  3218 |  3871 |  2634 || 12092
Throw: Throwing net      |       |       |       |       |       |     6 |       |     1 |    11 ||    18
 Cast: Corona            |     3 |       |       |       |       |       |       |       |       ||     3
       Ensorcelled Hiber |     5 |    17 |    21 |    57 |   132 |   181 |     9 |     4 |       ||   426
       Confuse           |       |    10 |    59 |   127 |   205 |   116 |   190 |   191 |   120 ||  1018
       Dazzling Spray    |       |       |     2 |       |    67 |    28 |    25 |    40 |     1 ||   163
       Tukima's Dance    |       |       |       |     1 |     5 |     1 |       |       |       ||     7
       Spectral Weapon   |       |       |       |       |     8 |    42 |    30 |    20 |    35 ||   135
       Regeneration      |       |       |       |       |     3 |    74 |    18 |    36 |    30 ||   161
       Shroud of Golubri |       |       |       |       |       |    13 |    11 |    10 |     6 ||    40
       Repel Missiles    |       |       |       |       |       |     7 |     3 |     6 |       ||    16
       Blink             |       |       |       |       |       |     3 |     5 |     8 |       ||    16
       Invisibility      |       |       |       |       |       |     7 |    18 |     8 |    11 ||    44
       Passage of Golubr |       |       |       |       |       |     2 |     2 |    13 |     4 ||    21
       Silence           |       |       |       |       |       |       |     1 |     1 |       ||     2
       Ozocubu's Armour  |       |       |       |       |       |       |       |    29 |    25 ||    54
       Summon Lightning  |       |       |       |       |       |       |       |     5 |     8 ||    13
       Haste             |       |       |       |       |       |       |       |     2 |     9 ||    11
       Deflect Missiles  |       |       |       |       |       |       |       |     1 |     8 ||     9
Invok: Curse Item        |       |       |       |       |     4 |     1 |     5 |     2 |     1 ||    13
       Scrying           |       |       |       |       |       |       |       |     2 |       ||     2
 Abil: End Transformatio |       |       |     1 |       |     1 |     1 |       |       |       ||     3
       Bat Form          |       |       |     1 |       |     1 |     1 |       |       |       ||     3
       Stop Flying       |       |       |       |       |     1 |     8 |       |       |       ||     9
       Evoke Invisibilit |       |       |       |       |       |     1 |       |       |       ||     1
       Evoke Flight      |       |       |       |       |       |     8 |       |       |       ||     8
Evoke: Wand              |       |       |       |     3 |     3 |     6 |     7 |     7 |    14 ||    40
       Fan of gales      |       |       |       |       |       |     1 |       |       |       ||     1
       Lamp of fire      |       |       |       |       |       |       |       |     1 |     1 ||     2
       Phial of floods   |       |       |       |       |       |       |       |     1 |     1 ||     2
       Sack of spiders   |       |       |       |       |       |       |       |       |     3 ||     3
  Use: Potion            |     2 |     3 |     7 |     6 |     8 |    23 |    16 |     6 |    26 ||    97
       Scroll            |       |       |     9 |     7 |    14 |    16 |    19 |    12 |     8 ||    85
 Stab: Sleeping          |    12 |    15 |    41 |    58 |   156 |   174 |    92 |    73 |    20 ||   641
       Confused          |       |     7 |    19 |    84 |   131 |    75 |   101 |   139 |    87 ||   643
       Distracted        |       |       |     1 |     1 |     7 |    23 |    30 |    33 |    24 ||   119
       Invisible         |       |       |       |       |    30 |    36 |    90 |    83 |   115 ||   354
       Held in net/web   |       |       |       |       |       |     8 |       |     1 |     8 ||    17
       Paralysed         |       |       |       |       |       |       |       |     1 |       ||     1
Armor: Robe              |    33 |    44 |    29 |    49 |    85 |   180 |    56 |       |       ||   476
       Leather armour    |       |       |       |       |       |       |   179 |   345 |   163 ||   687
Dodge: Dodged            |    66 |   107 |   168 |   379 |   652 |  1010 |  1544 |  1878 |  1015 ||  6819
       Deflected         |       |       |       |       |       |    18 |    24 |    35 |    24 ||   101
Block: Buckler           |       |       |       |    83 |   226 |   386 |   738 |   790 |   362 ||  2585
